 Dungeon Crawl Stone Soup version 0.31-a0-1426-g7f6f75e (webtiles) character file.

Game seed: 4072598642010776000

2874024 Wizard1ke the Elven Barricade (level 27, 168/168 HPs)
             Began as a Deep Elf Fire Elementalist on Dec 26, 2023.
             Was the Champion of Vehumet.
             Escaped with the Orb
             ... and 5 runes
             ... and 1 gem on Dec 27, 2023!
             The game lasted 03:39:36 (86668 turns).

Wizard1ke the Elven Barricade (DEFE)               Turns: 86668, Time: 03:39:37

Health: 168/168    AC: 21    Str:  7    XL:     27
Magic:  29/45      EV: 16    Int: 39    God:    Vehumet [******]
Gold:   7726       SH: 23    Dex: 16    Spells: 14/58 levels left

rFire   + + +        D - staff "Naesadwu" {^Fragile rPois Conj Hexes}
rCold   + + .        a - +5 kite shield {rC+ rF+}
rNeg    + + .        U - +3 leather armour {rC+}
rPois   +            W - +4 helmet "Enixeg" {Regen+}
rElec   +            k - +2 cloak of the Thief {*Fog Slay-2 SInv Stlth+}
rCorr   +            e - +2 pair of gloves {Dex+3}
SInv    +            Y - +3 pair of boots of Polytheism {+Inv rElec}
Will    ++...        Z - amulet "Kula" {RegenMP rElec rF++ rN+}
Stlth   +            H - ring "Vitaefro" {rPois rN+ Int+6 Slay+3}
HPRegen 1.28/turn    d - ring of Udew {rElec rF+ rCorr}
MPRegen 0.69/turn

%: no passive effects
@: studying Necromancy
A: clumsy 1, persistent drain
0: Orb of Zot
}: 5/15 runes: decaying, serpentine, slimy, silver, golden
a: Renounce Religion, Evoke Invisibility


You escaped.
You worshipped Vehumet.
Vehumet was exalted by your worship.
You visited 13 branches of the dungeon, and saw 59 of its levels.
You visited 1 bazaar.
You also visited: Sewer and Ice Cave.

You collected 10544 gold pieces.
You spent 2818 gold pieces at shops.

Inventory:

Missiles
 O - 11 curare-tipped darts
 R - 3 throwing nets
Armour
 a - a +5 kite shield of resistance (worn)
 e - a +2 pair of gloves of dexterity (worn)
 k - the +2 cloak of the Thief (worn) {*Fog Slay-2 SInv Stlth+}
   (You found it on level 3 of the Depths)

   *Fog:      It may release a thick cloud of smoke when the wearer is hurt.
   Slay-2:    It affects your accuracy & damage with ranged weapons and melee
   (-2).
   SInv:      It lets you see invisible.
   Stlth+:    It makes you more stealthy.
 A - a scarf of repulsion
 M - the +5 helmet of Philately {Dex+3 SInv Stlth+}
   (You found it on level 2 of the Depths)

   Dex+3:     It affects your dexterity (+3).
   SInv:      It lets you see invisible.
   Stlth+:    It makes you more stealthy.
 U - a +3 leather armour of cold resistance (worn)
 W - the +4 helmet "Enixeg" (worn) {Regen+}
   (You found it on level 4 of the Lair of Beasts)

   Regen+:    It increases your rate of health regeneration.
 Y - the +3 pair of boots of Polytheism (worn) {+Inv rElec}
   (You found it on level 5 of the Vaults)

   rElec:     It insulates you from electricity.
   +Inv:      It lets you turn invisible.
Magical Staves
 g - the staff of Ikoosext {rPois rC+ Hexes Ice}
   (You found it on level 3 of the Vaults)

   [staff of cold]

   Base accuracy: +5 Base damage: 5 Base attack delay: 1.2 This weapon's minimum
   attack delay (0.6) is reached at skill level 12.
   rC+:       It protects you from cold.
   rPois:     It protects you from poison Hexes: It increases the power of your
   Hexes spells.
   Ice:       It increases the power of your Ice spells.
   It falls into the 'Staves' category.
   It is a one-handed weapon.
 D - the staff "Naesadwu" (weapon) {^Fragile rPois Conj Hexes}
   (You found it on level 5 of the Vaults)

   [staff of conjuration]

   Base accuracy: +5 Base damage: 5 Base attack delay: 1.2 This weapon's minimum
   attack delay (0.6) is reached at skill level 12.
   rPois:     It protects you from poison ^Fragile: It will be destroyed if
   unequipped.
   Conj:      It increases the power of your Conjurations spells.
   Hexes:     It increases the power of your Hexes spells.
   It falls into the 'Staves' category.
   It is a one-handed weapon.
Jewellery
 d - the ring of Udew (right hand) {rElec rF+ rCorr}
   (You took it off a deep elf archer on level 3 of the Elven Halls)

   [ring of protection from fire]

   rF+:       It protects you from fire.
   rElec:     It insulates you from electricity.
   rCorr:     It protects you from acid and corrosion.
 p - the ring of Tumeis {Fly rElec rC+ Str+3}
   (You found it on level 4 of the Swamp)

   [ring of protection from cold]

   Str+3:     It affects your strength (+3).
   rC+:       It protects you from cold.
   rElec:     It insulates you from electricity.
   Fly:       It grants you flight.
 H - the ring "Vitaefro" (left hand) {rPois rN+ Int+6 Slay+3}
   (You found it on level 5 of the Pits of Slime)

   [ring of intelligence]

   Int+6:     It affects your intelligence (+6).
   Slay+3:    It affects your accuracy & damage with ranged weapons and melee
   (+3).
   rPois:     It protects you from poison rN+: It protects you from negative
   energy.
 Q - the ring of Ucanuc {Fly rElec Will+}
   (You found it on level 5 of the Pits of Slime)

   [ring of flight]

   rElec:     It insulates you from electricity.
   Will+:     It increases your willpower.
   Fly:       It grants you flight.
 Z - the amulet "Kula" (around neck) {RegenMP rElec rF++ rN+}
   (You bought it in a shop in a bazaar)

   [amulet of magic regeneration]

   RegenMP:   It increases your rate of magic regeneration.
   rF++:      It greatly protects you from fire.
   rElec:     It insulates you from electricity.
   rN+:       It protects you from negative energy.
Wands
 b - a wand of polymorph (2)
 c - a wand of acid (28)
 f - a wand of roots (40)
 m - a wand of charming (42)
 s - a wand of digging (12)
 y - a wand of mindburst (30)
Scrolls
 h - 7 scrolls of fear
 i - 16 scrolls of immolation
 j - 6 scrolls of blinking
 n - 10 scrolls of poison
 o - 3 scrolls of revelation
 r - 2 scrolls of butterflies
 w - 28 scrolls of teleportation
 C - a scroll of silence {!r}
 F - 8 scrolls of fog
 K - 2 scrolls of enchant armour
 L - 3 scrolls of amnesia
 T - 11 scrolls of vulnerability
Potions
 l - 4 potions of might
 t - a potion of brilliance
 u - 6 potions of haste
 v - 9 potions of mutation
 x - 13 potions of heal wounds
 z - 24 potions of curing
 G - a potion of cancellation
 I - 2 potions of invisibility
 J - 7 potions of enlightenment
 N - a potion of ambrosia
 P - 7 potions of attraction
 S - 7 potions of lignification
 V - 8 potions of resistance
Miscellaneous
 q - a phantom mirror
 B - a figurine of a ziggurat
 E - a lightning rod (4/4)
 X - a phial of floods


   Skills:
 + Level 15.8 Fighting
 - Level 10.0 Dodging
 - Level 2.4 Stealth
 O Level 27 Shields
 - Level 16.0 Spellcasting
 - Level 25.0 Conjurations
 - Level 10.0 Summonings
 - Level 25.0 Fire Magic
 - Level 10.0 Air Magic
 - Level 5.0 Alchemy
 - Level 5.0 Evocations


You had 14 spell levels left.
You knew the following spells:

 Your Spells              Type           Power      Damage    Failure   Level
c - Plasma Beam           Fire/Air       53%        2x1d68    1%          6
d - Ignition              Fire           61%        3d17      1%          8
e - Spellforged Servitor  Conj/Summ      64%        N/A       1%          7
f - Fulminant Prism       Conj/Alch      61%        3d26      1%          4
h - Yara's Violent Unrav  Hex/Alch       33%        3d14      4%          5
i - Irradiate             Conj/Alch      61%        3d32      1%          5
j - Fire Storm            Conj/Fire      74%        8d19      1%          9

Your spell library contained the following spells:

 Spells                   Type           Power      Damage    Failure   Level
 Foxfire                  Conj/Fire      100%       2x1d9     0%          1
 Kiss of Death            Conj/Necr      100%       2d13      0%          1
 Magic Dart               Conj           100%       1d8       0%          1
 Shock                    Conj/Air       100%       1d9       0%          1
 Sting                    Conj/Alch      100%       1d9       0%          1
 Scorch                   Fire           100%       2d9       0%          2
 Searing Ray              Conj           100%       2d8       0%          2
 Static Discharge         Conj/Air       100%       3-8/arc   0%          2
 Mephitic Cloud           Conj/Alch/Air  100%       N/A       0%          3
 Flame Wave               Conj/Fire      100%       2d21      0%          4
 Fireball                 Conj/Fire      74%        3d28      0%          5
 Iskenderun's Battlesphe  Conj           100%       2d15      0%          5
 Starburst                Conj/Fire      74%        6d19      0%          6
 Slow                     Hex            100%       N/A       1%          1
 Summon Small Mammal      Summ           100%       N/A       1%          1
 Cigotuvi's Dreadful Rot  Necr/Alch/Air  100%       N/A       1%          2
 Mercury Vapours          Alch/Air       100%       N/A       1%          2
 Passwall                 Alch/Erth      41%        N/A       1%          2
 Call Canine Familiar     Summ           83%        N/A       1%          3
 Dazzling Flash           Conj/Hex       100%       N/A       1%          3
 Hailstorm                Conj/Ice       100%       3d16      1%          3
 Inner Flame              Hex/Fire       100%       N/A       1%          3
 Summon Guardian Golem    Hex/Summ       81%        N/A       1%          3
 Swiftness                Air            83%        N/A       1%          3
 Volatile Blastmotes      Fire/Tloc      100%       2d18      1%          3
 Brom's Barrelling Bould  Conj/Erth      100%       2d11      1%          4
 Iskenderun's Mystic Bla  Conj/Tloc      100%       2d19      1%          4
 Olgreb's Toxic Radiance  Alch           63%        N/A       1%          4
 Sticky Flame             Fire/Alch      99%        2d15      1%          4
 Summon Ice Beast         Ice/Summ       63%        N/A       1%          4
 Vhi's Electric Charge    Tloc/Air       100%       N/A       1%          4
 Arcjolt                  Conj/Air       64%        1d74      1%          5
 Freezing Cloud           Conj/Ice/Air   55%        6-21      1%          5
 Bombard                  Conj/Erth      57%        9d9       1%          6
 Conjure Ball Lightning   Conj/Air       64%        3x3d23    1%          6
 Orb of Destruction       Conj           74%        9d17      1%          7
 Ensorcelled Hibernation  Hex/Ice        92%        N/A       2%          2
 Jinxbite                 Hex            92%        N/A       2%          2
 Lesser Beckoning         Tloc           62%        N/A       2%          2
 Summon Cactus Giant      Summ           41%        N/A       3%          6
 Confusing Touch          Hex            46%        N/A       4%          3
 Fugue of the Fallen      Necr           31%        N/A       4%          3
 Gell's Gravitas          Tloc           31%        N/A       4%          3
 Ozocubu's Armour         Ice            31%        N/A       4%          3
 Sigil of Binding         Hex            46%        N/A       4%          3
 Teleport Other           Tloc           31%        N/A       4%          3
 Tukima's Dance           Hex            46%        N/A       4%          3
 Vampiric Draining        Necr           31%        2d8       4%          3
 Alistair's Intoxication  Alch           42%        N/A       5%          5
 Silence                  Hex/Air        40%        N/A       5%          5
 Summon Mana Viper        Hex/Summ       81%        N/A       5%          5
 Eringya's Noxious Bog    Alch           31%        4d6       9%          6
 Anguish                  Hex/Necr       23%        N/A       16%         4
 Dimensional Bullseye     Hex/Tloc       23%        N/A       16%         4
 Dispel Undead            Necr           31%        3d14      16%         4
 Manifold Assault         Tloc           31%        N/A       16%         4
 Passage of Golubria      Tloc           31%        N/A       16%         4
 Lehudib's Crystal Spear  Conj/Erth      57%        10d13     16%         8
 Monstrous Menagerie      Summ           41%        N/A       22%         7
 Chain Lightning          Conj/Air       64%        3d86      28%         9
 Agony                    Necr           31%        N/A       38%         5
 Borgnjor's Vile Clutch   Necr/Erth      15%        N/A       38%         5
 Metabolic Englaciation   Hex/Ice        23%        N/A       38%         5
 Maxwell's Capacitive Co  Air            41%        ∞         38%         8
 Haunt                    Necr/Summ      31%        N/A       86%         7
 Malign Gateway           Summ/Tloc      31%        N/A       86%         7
 Summon Horrible Things   Summ           41%        N/A       86%         8
 Death Channel            Necr           15%        N/A       93%         6
 Dispersal                Tloc           15%        N/A       93%         6
 Simulacrum               Ice/Necr       15%        N/A       93%         6
 Ozocubu's Refrigeration  Ice            15%        4d10      95%         7
 Enfeeble                 Hex            23%        N/A       100%        7
 Borgnjor's Revivificati  Necr           15%        N/A       100%        8
 Discord                  Hex            23%        N/A       100%        8
 Infestation              Necr           15%        N/A       100%        8
 Death's Door             Necr           15%        N/A       100%        9
 Polar Vortex             Ice            15%        12d2*     100%        9
 Shatter                  Erth           15%        3d15*     100%        9


Dungeon Overview and Level Annotations

Branches:
Dungeon (15/15)            Temple (1/1) D:5            Lair (5/5) D:10
  Swamp (4/4) Lair:3        Snake (4/4) Lair:3        Slime (5/5) Lair:5
    Orc (2/2) D:10            Elf (3/3) Orc:2        Vaults (5/5) D:14
  Crypt (3/3) Vaults:3       Tomb (3/3) Crypt:3      Depths (4/4) D:15
    Zot (5/5) Depths:4      Sewer (visited)           IceCv (visited)

Altars:
Ashenzari
Cheibriados
Dithmenos
Elyvilon
Fedhas
Gozag
Hepliaklqana
Kikubaaqudgha
Makhleb
Nemelex Xobeh
Okawaru
Qazlal
Ru
Sif Muna
Trog
Uskayaw
Vehumet
Wu Jian
Xom
Yredelemnul
Zin
The Shining One

Shops:
D:7 (   D:10 [   D:13 !   Orc:2 (?*:   Elf:1 (   Snake:2 (   Vaults:2 *
Vaults:3 :   Vaults:5 [   Depths:2 *=   Depths:3 *

Portals:
Hell: Depths:1 Depths:2 Depths:3 Depths:4
Abyss: Depths:1 Depths:3 Depths:4
Pandemonium: Depths:2
Ziggurat: Depths:1

Annotations:
D:2 1 runed translucent door, exclusion: door, Crazy Yiuf
D:3 Terence
D:5 3 runed translucent doors, exclusion: 3 doors, arrowsters's ghost, novice OnGl
D:9 Harold
D:14 36 runed doors, exclusion: 36 doors
Lair:4 1 runed translucent door, exclusion: door, rotlqkf's ghost, journeyman GnCj
Swamp:1 1 runed translucent door, exclusion: door, Uroge's ghost, journeyman GrEE
Snake:4 1 runed translucent door, exclusion: door, Dega's ghost, adept SpHu
Elf:1 3 runed translucent doors
Vaults:5 !vaults warning
Depths:4 3 runed translucent doors, exclusion: 3 doors, Elubun's ghost, adept TrGl; Sazoocig's ghost, veteran SpHu
Zot:1 4 transporters


Innate Abilities, Weirdness & Mutations

You are clumsy. (Dex -2)
Your health recovers twice as slowly from being drained.


Message History

There is a stone staircase leading down here.
There is a stone staircase leading up here.
You climb upwards.
There is a stone staircase leading down here.
There is a stone staircase leading up here.
You climb upwards.
Level annotation: Terence
There is a stone staircase leading down here.
There is an open door here.
There is a stone staircase leading up here.
You climb upwards.
Level annotation: 1 runed translucent door, exclusion: door, Crazy Yiuf
There is a stone staircase leading down here.
There is a stone staircase leading up here.
You climb upwards.
There is a stone staircase leading down here.
There is an empty arch of ancient stone here.
There is a staircase leading out of the dungeon here.
Unknown command.
Unknown command.
Aiming: Fire Storm (dangerous; 1% risk of failure)
Press: ? - help, Q - select action, (/) - cycle Dir - move target You feel a surge of power!
A raging storm of fire appears!
The tree burns like a torch!
You smell burning wood.
The forest fire spreads!
Aiming: Fire Storm (dangerous; 1% risk of failure)
Press: ? - help, Q - select action, (/) - cycle Dir - move target You feel a surge of power!
A raging storm of fire appears!
The tree burns like a torch!
You are engulfed in blazing flames.
You resist.
An Eseoz, a smoke demon and a hellwing come into view.
Press: ? - help, v - describe, . - travel
Here: Eseoz (spreading flames, surrounded by thunder)
The floor.
Unknown command.
You are engulfed in blazing flames.
You resist.
HP restored.
The smoke demon roars!
The hellwing gives a chilling moan.
The forest fire spreads!
You have escaped!

.#### ##.............###
### # ....#
#..#§°°vv°°....#
.##.######..§○°§§§v○....#
.##.........§§§§§§§§§####
............♣vv∩∩vv§♣[##
..######....§v°.v○∩§§..#
..#####....♣♣§§v○)○○♣♣.#
#.......#..♣♣°§§.v°∩♣♣.#
#.####.)#......♣@♣.∩♣♣.#
#.####..#..♣♣∩.♣v♣.∩♣♣.#
#...##.###.♣♣♣.☼°v.♣♣♣.#
###.....##..♣♣vvv°○....#
###.....#.♣♣§°○○&♣...#
#..##.#..§§3§§§♣...#
##..##...#.○§§§○4..## #
#..####...⌠§§§v§>.##
####..# ###.........#


You could see Eseoz (clouds), a hellwing, a smoke demon and 17 friendly fire
vortices.

Vanquished Creatures
  the Royal Jelly (Slime:5)
  Frederick (Vaults:3)
  Khufu (Tomb:3)
  3 orbs of fire
  4 dread liches
  An ancient lich (Zot:5)
  Mara (Swamp:3)
  13 royal mummies
  Vv (Zot:3)
  4 Killer Klowns
  Parghit (Zot:3)
  Bai Suzhen (Snake:3)
  Vashnia (Snake:2)
  A curse toe (Zot:3)
  11 golden dragons
  2 electric golems (Zot:5)
  A shard shrike zombie (Crypt:3)
  6 liches
  13 tentacled monstrosities
  Jorgrun (Orc:1)
  A walking crystal tome (Depths:2)
  26 Orb Guardians
  A Hell Sentinel (D:8)
  3 titans
  4 deep elf master archers (Elf:3)
  A walking earthen tome (Depths:2)
  2 deep elf blademasters
  14 acid blobs
  A quicksilver dragon (Zot:3)
  5 ancient champions
  13 sphinxes
  5 death cobs
  Frances (Snake:2)
  12 tengu reavers
  17 storm dragons
  4 revenants
  10 shadow dragons
  A fenstrider witch (Swamp:3)
  13 rockslimes
  7 draconian monks
  A nagaraja (Snake:4)
  16 azure jellies
  9 protean progenitors
  13 fire giants
  3 draconian knights
  8 deep elf sorcerers
  3 caustic shrike zombies
  9 frost giants
  5 draconian shifters
  6 ghost moths
  2 iron dragons (Vaults:5)
  10 vault wardens
  Louise (Depths:3)
  3 curse skulls
  A balrug (D:15)
  2 ghouls (Crypt:1)
  6 deep elf elementalists (Elf:3)
  14 ironbound preservers
  An orc warlord (Vaults:1)
  6 draconian stormcallers
  5 draconian annihilators
  16 very ugly things
  A formless jellyfish (Vaults:1)
  19 stone giants
  17 quicksilver oozes
  6 ironbound thunderhulks
  13 vampire knights
  2 lorocyprocas
  2 eleionomae (Swamp:4)
  7 green draconians
  5 deep elf annihilators
  5 deep elf demonologists
  5 white draconians
  13 yellow draconians
  14 bennus
  13 black draconians
  7 bunyips
  12 dire elephants
  8 purple draconians
  2 eidola (Crypt:2)
  4 war gargoyles
  8 red draconians
  5 spark wasps
  Azrael (Snake:1)
  11 deep elf death magi
  2 crystal guardians (Vaults:3)
  A green death (D:15)
  An elf zombie (Crypt:3)
  24 mummy priests
  15 fire dragons
  16 ettins
  20 yaktaur captains
  4 entropy weavers
  An entropy weaver (shapeshifter) (Elf:3)
  8 deep elf high priests
  15 jiangshi
  31 vault guards
  2 salamander tyrants (Snake:4)
  5 rakshasas
  2 spriggan air magi
  2 spriggan zombies (Crypt:3)
  8 ice dragons
  13 great orbs of eyes
  14 hydras
  2 peacekeepers
  4 ghost crabs
  A spriggan skeleton (Tomb:1)
  2 fenstrider witch zombies
  3 boulder beetles
  10 alligators
  2 catoblepae
  11 ironbound frosthearts
  An ogre mage (D:15)
  An anaconda (Snake:3)
  5 centaur warriors
  3 two-headed ogres (shapeshifter)
  12 naga warriors
  4 deep troll shamans
  4 death yaks
  4 death knights
  3 hell hogs (Depths:1)
  11 vampire magi
  6 two-headed ogres (D:15)
  39 death scarabs
  39 dancing weapons
  13 deep troll earth magi
  A boulder beetle (shapeshifter) (Vaults:5)
  11 naga sharpshooters
  7 shock serpents
  A titan zombie (Crypt:3)
  3 spriggan berserkers (Depths:3)
  4 sun demons
  An occultist (Depths:1)
  5 orc high priests
  11 hell knights
  2 soul eaters
  5 salamander mystics
  14 deep elf knights
  33 skeletal warriors
  A skyshark (Lair:3)
  2 golden dragon zombies
  42 deep trolls
  3 glowing orange brains
  4 iron trolls
  A sea snake (shapeshifter) (Vaults:3)
  A shadow wraith (Crypt:3)
  An iron giant zombie (Tomb:2)
  3 flayed ghosts
  3 goliath frogs
  7 swamp dragons
  2 spriggan druids
  An iron giant skeleton (Crypt:3)
  6 arcanists
  4 bog bodies
  5 naga ritualists (Snake:4)
  A steelbarb worm (shapeshifter) (Vaults:5)
  15 lindwurms
  21 phantasmal warriors
  13 deep elf archers
  7 harpies
  20 ironbound convokers
  5 mana vipers
  5 orc knights
  27 deep elf zephyrmancers
  8 necromancers
  2 anaconda skeletons
  4 orc sorcerers
  22 deep elf pyromancers
  An iron dragon zombie (Tomb:3)
  Maurice (D:8)
  A will-o-the-wisp (Lair:3)
  4 cyclopes
  A manticore (shapeshifter) (Depths:2)
  14 manticores
  10 shining eyes
  A stone giant zombie (Crypt:1)
  32 ugly things
  12 salamanders
  3 guardian serpents (Snake:4)
  23 moths of wrath
  5 elephants (Lair:5)
  A cyclops (shapeshifter) (Vaults:1)
  25 black mambas
  14 vault sentinels
  2 iron dragon skeletons
  13 naga magi
  Joseph (D:9)
  A water nymph (shapeshifter) (Depths:3)
  A dire elephant zombie (Crypt:1)
  A molten gargoyle (D:14)
  6 eyes of devastation
  11 cane toads
  3 torpor snails
  A torpor snail (shapeshifter) (Vaults:5)
  A hellion (Depths:2)
  Maggie (D:8)
  2 naga skeletons
  A green draconian zombie (Crypt:1)
  5 komodo dragons
  38 yaktaurs
  4 kobold demonologists
  4 rime drakes
  15 freezing wraiths
  A yaktaur (shapeshifter) (Vaults:5)
  A yellow draconian zombie (Crypt:2)
  3 efreet
  2 golden dragon simulacra (IceCv)
  Psyche (D:9)
  A tengu conjurer (Depths:3)
  A harpy zombie (Crypt:3)
  A bloated husk (Swamp:2)
  41 guardian mummies
  5 polar bears
  2 hydra zombies
  8 hornets
  A mana viper skeleton (Crypt:2)
  11 tyrant leeches
  A troll (D:5)
  An alligator simulacrum (IceCv)
  Grinder (Sewer)
  5 nameless horrors
  8 blink frogs
  A sun moth zombie (Crypt:1)
  7 dream sheep
  3 glass eyes
  A glass eye (shapeshifter) (Vaults:5)
  A harpy skeleton (Crypt:1)
  A snapping turtle (shapeshifter) (Depths:4)
  Prince Ribbit (D:7)
  98 slime creatures
  4 spriggans
  2 shadows
  17 wraiths
  4 dire elephant simulacra (IceCv)
  A water elemental (Elf:3)
  An air elemental (Elf:2)
  A spriggan (shapeshifter) (Elf:3)
  6 wyverns
  4 fire elementals
  A centaur simulacrum (Crypt:1)
  A human (shapeshifter) (Elf:3)
  3 basilisks
  A tyrant leech zombie (Crypt:1)
  61 yaks
  8 humans (D:14)
  3 fire bats
  16 ushabtiu
  5 golden eyes
  A redback (Vaults:2)
  A steam dragon (shapeshifter) (Elf:3)
  6 vampire mosquitoes
  Grum (D:8)
  3 wargs
  A naga zombie (Crypt:3)
  Menkaure (D:7)
  36 nagas
  13 swamp worms
  A water nymph zombie (Crypt:2)
  2 hydra simulacra (IceCv)
  2 acid dragons
  15 water moccasins
  32 orc warriors
  3 hell hounds
  4 swamp drakes (Swamp:4)
  2 elephant zombies (D:7)
  2 sky beasts (D:7)
  2 ice beasts
  A blink frog zombie (Crypt:1)
  An ettin simulacrum (IceCv)
  A black bear (Lair:5)
  3 laughing skulls (Crypt:1)
  7 ogres
  5 boggarts
  6 centaurs
  30 wolves
  2 phantoms
  A weeping skull (D:7)
  7 kobold brigands
  17 bullfrogs
  A rime drake skeleton (Crypt:1)
  5 earth elementals
  A naga simulacrum (Tomb:3)
  4 necrophages
  A scorpion (D:5)
  A wyvern skeleton (Crypt:3)
  A water moccasin zombie (Crypt:3)
  5 killer bees (D:11)
  2 lindwurm simulacra (IceCv)
  2 howler monkeys (D:10)
  3 electric eels
  A shapeshifter skeleton (Crypt:3)
  2 centaur zombies
  2 gnoll boudas
  4 hounds
  2 jellies
  42 orc priests
  3 bombardier beetles
  3 human zombies
  2 sleepcaps (D:5)
  2 human skeletons (Crypt:1)
  3 iguanas
  37 orc wizards
  7 hell rats
  A crocodile zombie (Crypt:2)
  An ogre zombie (D:7)
  3 hound zombies (D:7)
  38 mummies
  5 howler monkey zombies (D:7)
  10 gnolls
  9 adders
  10 river rats
  4 shadow imps
  3 white imps
  5 ufetubi
  An adder zombie (D:7)
  A lava snake skeleton (Crypt:3)
  2 dart slugs
  81 orcs
  7 ball pythons
  8 endoplasms
  4 giant cockroaches
  14 goblins
  6 hobgoblins
  13 jackals
  33 kobolds
  6 quokkas
  A ball python zombie (Crypt:2)
  11 bats
  A dart slug zombie (Crypt:3)
  An endoplasm zombie (Crypt:2)
  4 frilled lizards
  A kobold zombie (Sewer)
  7 rats
  3 aspiring fleshes (Zot:3)
2472 creatures vanquished.

Vanquished Creatures (collateral kills)
  An ancient lich (Zot:5)
  3 royal mummies
  A tentacled monstrosity (Zot:3)
  A hellephant (Depths:1)
  2 Orb Guardians (Zot:5)
  A lich (Zot:3)
  A deep elf blademaster (Elf:3)
  A titan (Vaults:5)
  An acid blob (Slime:2)
  2 storm dragons
  2 nagarajas
  2 thorn hunters (Swamp:4)
  A tengu reaver (Vaults:5)
  Aizul (Snake:3)
  A shadow dragon (Depths:4)
  An azure jelly (Slime:5)
  4 vault wardens
  2 orc warlords
  3 ironbound preservers
  A stone giant (Vaults:5)
  2 ironbound thunderhulks
  6 dire elephants
  A red draconian (Zot:3)
  An eleionoma (Swamp:4)
  A white draconian (Zot:4)
  A purple draconian (Zot:3)
  A bunyip (Zot:5)
  A war gargoyle (Vaults:2)
  A mummy priest (Tomb:2)
  A great orb of eyes (D:15)
  2 ice dragons
  A spriggan zombie (Crypt:3)
  2 salamander tyrants
  3 alligators
  A ghost crab (Swamp:4)
  9 hydras
  6 vault guards
  A spriggan air mage (Swamp:4)
  2 catoblepae
  2 anacondas
  A centaur warrior (Vaults:2)
  A boulder beetle (Vaults:1)
  2 death yaks (Lair:5)
  10 naga sharpshooters
  A dancing weapon (Elf:3)
  A vampire mage (Crypt:3)
  A spriggan (Swamp:2)
  5 shock serpents
  6 salamander mystics
  5 skeletal warriors
  A death drake (Swamp:4)
  5 swamp dragons (Swamp:4)
  2 glowing orange brains
  6 deep trolls
  4 goliath frogs
  3 naga ritualists
  2 bog bodies (IceCv)
  4 ironbound convokers
  2 arcanists
  An obsidian statue (IceCv)
  A spriggan druid (Swamp:3)
  2 spriggan simulacra
  2 lindwurms
  A harpy (Elf:3)
  A necromancer (D:14)
  3 orc knights
  A phantasmal warrior (Crypt:3)
  A deep elf zephyrmancer (Elf:1)
  21 ugly things
  A deep elf pyromancer (Elf:1)
  3 mana vipers
  11 salamanders
  2 cyclopes
  2 will-o-the-wisps
  13 black mambas
  6 naga magi
  3 eyes of devastation
  21 slime creatures
  4 vault sentinels
  6 yaktaurs (Vaults:2)
  4 freezing wraiths (IceCv)
  A tengu conjurer (D:14)
  2 golden dragon simulacra
  3 anaconda simulacra (IceCv)
  3 ice devils (IceCv)
  3 tyrant leeches
  A bloated husk (Swamp:1)
  3 alligator simulacra (IceCv)
  2 hornets (Swamp:2)
  A tarantella (Vaults:2)
  A glass eye (Slime:5)
  A water elemental (Elf:3)
  6 yaks
  3 fire elementals
  4 wraiths
  2 dire elephant simulacra (IceCv)
  12 humans
  A hog (shapeshifter) (Elf:1)
  A golden eye (Slime:2)
  A minotaur simulacrum (IceCv)
  3 redbacks
  13 nagas
  A harpy simulacrum (IceCv)
  A swamp worm (Swamp:4)
  A hydra simulacrum (IceCv)
  2 hell hounds (Snake:1)
  An orc warrior (D:15)
  An ogre (D:15)
  3 wolves (Lair:5)
  A laughing skull (Crypt:1)
  A nameless horror (Lair:5)
  A kobold brigand (D:12)
  A salamander skeleton (Crypt:1)
  A deep troll simulacrum (IceCv)
  5 killer bees (D:11)
  A lindwurm simulacrum (IceCv)
  2 orc priests (D:12)
  2 orc wizards
  11 mummies
  7 orcs
  A giant cockroach (D:11)
  A kobold (D:11)
  A goblin zombie (Crypt:2)
  An orc skeleton (Crypt:3)
  An aspiring flesh (Zot:5)
364 creatures vanquished.

Vanquished Creatures (others)
  A komodo dragon (Lair:3)
  A bloated husk (Swamp:1)
  A nameless horror (Snake:3)
  An orc wizard (Elf:1)
  986 fire vortices
  519 foxfires
  15 fulminant prisms
1524 creatures vanquished.

Grand Total: 4360 creatures vanquished

Notes
Turn   | Place    | Note
-------+----------+-------------------------------------------
     0 | D:1      | Wizard1ke the Deep Elf Fire Elementalist began the quest
                  | for the Orb.
     0 | D:1      | Reached XP level 1. HP: 10/10 MP: 6/6
   107 | D:1      | Reached XP level 2. HP: 15/15 MP: 2/8
   110 | D:1      | Learned a level 2 spell: Scorch
   834 | D:1      | Reached XP level 3. HP: 19/19 MP: 7/10
  1786 | D:2      | Found a runed translucent door.
  1787 | D:2      | Noticed Crazy Yiuf
  1933 | D:3      | Reached XP level 4. HP: 24/24 MP: 7/12
  1938 | D:3      | Identified the +0 scale mail of Zoigrud {rElec Slay+3}
  2029 | D:3      | Found a glowing drain.
  2155 | Sewer    | Entered a sewer
  2164 | Sewer    | Learned a level 4 spell: Flame Wave
  2443 | Sewer    | Found an ancient bone altar of Kikubaaqudgha.
  2443 | Sewer    | Noticed a necrophage
  2462 | Sewer    | Killed a necrophage
  2463 | Sewer    | Reached skill level 5 in Spellcasting
  2463 | Sewer    | Reached XP level 5. HP: 28/28 MP: 3/14
  2702 | Sewer    | Reached skill level 5 in Fire Magic
  2711 | Sewer    | Reached XP level 6. HP: 25/32 MP: 7/16
  2774 | Sewer    | Noticed Grinder
  2783 | Sewer    | Killed Grinder
  2784 | Sewer    | Reached XP level 7. HP: 36/36 MP: 11/18
  2957 | D:3      | Found a faded altar of an unknown god.
  3406 | D:3      | Found a hide-covered altar of Uskayaw.
  3410 | D:3      | Noticed a +0 hand axe
  3410 | D:3      | Noticed a +0 hand axe
  3431 | D:3      | Noticed Terence
  3844 | D:4      | Reached skill level 5 in Conjurations
  4423 | D:4      | You fall into a shaft and drop 1 floor!
  4423 | D:5      | Entered Level 5 of the Dungeon
  4457 | D:5      | Found a shadowy altar of Dithmenos.
  4527 | D:5      | Noticed a troll
  4610 | D:5      | Killed a troll
  4611 | D:5      | Reached XP level 8. HP: 28/41 MP: 6/21
  5863 | D:5      | Found a staircase to the Ecumenical Temple.
  5871 | Temple   | Entered the Ecumenical Temple
  5888 | Temple   | Became a worshipper of Vehumet
  6031 | D:5      | Found a shimmering altar of Xom.
  6427 | D:5      | Found a runed translucent gate.
  6427 | D:5      | Found a runed translucent gate.
  6427 | D:5      | Found a runed translucent gate.
  6427 | D:5      | Noticed arrowsters's ghost (novice OnGl)
  7232 | D:6      | Reached * piety under Vehumet
  7232 | D:6      | Offered knowledge of Sandblast by Vehumet.
  7285 | D:6      | Reached XP level 9. HP: 45/45 MP: 20/24
  7794 | D:7      | Reached skill level 10 in Spellcasting
  7934 | D:7      | Found Siahadan's Weapon Shoppe.
  8114 | D:7      | Noticed Menkaure
  8348 | D:7      | Noticed Prince Ribbit
  8353 | D:7      | Killed Prince Ribbit
  8384 | D:7      | Killed Menkaure
  8526 | D:7      | Reached skill level 10 in Fire Magic
  8572 | D:7      | Offered knowledge of Magic Dart by Vehumet.
  8574 | D:7      | Reached ** piety under Vehumet
  8575 | D:7      | Reached skill level 1 in Evocations
  8585 | D:7      | Reached skill level 1 in Fighting
  8635 | D:7      | Identified the +0 pair of gloves of Temperance {Harm rF+}
  8763 | D:7      | Found an ancient bone altar of Kikubaaqudgha.
  8938 | D:7      | Got the Precepts of Dynamic Soot
  8946 | D:7      | Learned a level 6 spell: Starburst
  9042 | D:7      | Reached XP level 10. HP: 53/53 MP: 24/28
  9136 | D:8      | Noticed Maggie
  9269 | D:8      | Noticed Maurice
  9272 | D:8      | Maurice stole 4 silver javelins
  9274 | D:8      | Killed Maurice
  9287 | D:8      | Killed Maggie
  9395 | D:8      | Found an iron altar of Okawaru.
  9442 | D:8      | Noticed Grum
  9446 | D:8      | Killed Grum
  9612 | D:8      | Found a hazy altar of Hepliaklqana.
  9741 | D:8      | Identified the orb of the Mantidfly {*Rage, +Inv}
  9788 | D:8      | Offered knowledge of Mephitic Cloud by Vehumet.
 10420 | D:9      | Noticed Joseph
 10429 | D:9      | Killed Joseph
 10658 | D:9      | Reached *** piety under Vehumet
 10722 | D:9      | Found a sacrificial altar of Ru.
 10887 | D:9      | Reached skill level 5 in Evocations
 11131 | D:9      | Noticed Harold
 11309 | D:9      | Found an ornate altar of the Wu Jian Council.
 11422 | D:9      | Noticed Psyche
 11432 | D:9      | Killed Psyche
 11871 | D:9      | Reached XP level 11. HP: 61/61 MP: 24/29
 11887 | D:9      | Offered knowledge of Fulminant Prism by Vehumet.
 11973 | D:9      | Learned a level 7 spell: Spellforged Servitor
 12211 | D:10     | Entered Level 10 of the Dungeon
 12221 | D:10     | Found a staircase to the Lair.
 12503 | D:10     | Reached skill level 1 in Summonings
 12876 | D:10     | Found a staircase to the Orcish Mines.
 12876 | D:10     | Found Nafa Ylo's Armour Shop.
 12897 | D:10     | Reached **** piety under Vehumet
 13113 | D:10     | Bought a +3 leather armour of cold resistance for 288 gold
                  | pieces
 13113 | D:10     | Bought a +1 helmet for 138 gold pieces
 13295 | D:10     | Reached skill level 5 in Fighting
 13422 | Lair:1   | Entered Level 1 of the Lair of Beasts
 13435 | D:10     | Learned a level 4 spell: Fulminant Prism
 13875 | Lair:1   | Reached skill level 10 in Conjurations
 14645 | Lair:2   | Reached skill level 5 in Summonings
 14968 | Lair:2   | Reached XP level 12. HP: 68/68 MP: 8/30
 15081 | Lair:2   | Identified the +3 great mace "Imatwowo" {speed, rN+}
 15095 | Lair:2   | Offered knowledge of Hailstorm by Vehumet.
 15195 | Lair:2   | Noticed a death yak
 15210 | Lair:2   | Killed a death yak
 15780 | Lair:2   | Identified the +7 halberd "Cezuk" {flame, Str+5 Int-5}
 16740 | Lair:3   | Noticed a catoblepas
 16771 | Lair:3   | Killed a catoblepas
 16903 | Lair:3   | Noticed a five-headed hydra
 16920 | Lair:3   | Killed a five-headed hydra
 17158 | Lair:3   | Noticed a five-headed hydra
 17160 | Lair:3   | Killed a five-headed hydra
 17733 | Lair:3   | Found a staircase to the Swamp.
 17925 | Lair:3   | Found a staircase to the Snake Pit.
 18150 | Lair:4   | Reached ***** piety under Vehumet
 18150 | Lair:4   | Offered knowledge of Ignite Poison by Vehumet.
 18155 | Lair:4   | Reached XP level 13. HP: 72/72 MP: 11/31
 18561 | Lair:4   | Identified the +4 helmet "Enixeg" {Regen+}
 18765 | Lair:4   | Reached skill level 10 in Summonings
 18971 | Lair:4   | Reached skill level 15 in Fire Magic
 19218 | Lair:4   | Found a runed translucent door.
 19370 | Lair:4   | Noticed rotlqkf's ghost (journeyman GnCj)
 19373 | Lair:4   | Identified the +8 spear "Gouhacw" {elec, Dex+4}
 19763 | Lair:4   | Identified the +3 dagger of Friendship {venom, rElec Str-5
                  | Int+8 Dex-4}
 19862 | Lair:5   | Entered Level 5 of the Lair of Beasts
 19993 | Lair:5   | Reached skill level 5 in Dodging
 20380 | Lair:5   | Found a staircase to the Slime Pits.
 20384 | Lair:5   | Offered knowledge of Fireball by Vehumet.
 20391 | Lair:5   | Learned a level 5 spell: Fireball
 22220 | Lair:5   | Reached XP level 14. HP: 83/83 MP: 21/32
 22870 | D:11     | Found a sacrificial altar of Ru.
 24375 | D:12     | Offered knowledge of Yara's Violent Unravelling by Vehumet.
 25018 | Orc:1    | Entered Level 1 of the Orcish Mines
 25023 | Orc:1    | Noticed Jorgrun
 25359 | D:13     | Found Ryluceg's Distillery.
 25367 | D:13     | Bought a potion of heal wounds for 90 gold pieces
 25367 | D:13     | Bought a potion of invisibility for 144 gold pieces
 25367 | D:13     | Bought a potion of heal wounds for 90 gold pieces
 25367 | D:13     | Bought a potion of heal wounds for 90 gold pieces
 25367 | D:13     | Bought a potion of enlightenment for 90 gold pieces
 25578 | D:13     | Learned a level 5 spell: Yara's Violent Unravelling
 25809 | D:13     | Reached skill level 10 in Dodging
 26192 | D:14     | Found a huge runed gate.
 26192 | D:14     | Found a huge runed gate.
 26192 | D:14     | Found a huge runed gate.
 26192 | D:14     | Found a huge runed gate.
 26192 | D:14     | Found a huge runed gate.
 26192 | D:14     | Found a huge runed gate.
 26192 | D:14     | Found a huge runed gate.
 26192 | D:14     | Found a huge runed gate.
 26192 | D:14     | Found a huge runed gate.
 26192 | D:14     | Found a huge runed gate.
 26199 | D:14     | Found a huge runed gate.
 26199 | D:14     | Found a huge runed gate.
 26199 | D:14     | Found a huge runed gate.
 26199 | D:14     | Found a huge runed gate.
 26199 | D:14     | Found a huge runed gate.
 26199 | D:14     | Found a huge runed gate.
 26200 | D:14     | Found a huge runed gate.
 26201 | D:14     | Found a huge runed gate.
 26202 | D:14     | Found a huge runed gate.
 26269 | D:14     | Found a huge runed gate.
 26269 | D:14     | Found a huge runed gate.
 26269 | D:14     | Found a huge runed gate.
 26269 | D:14     | Found a huge runed gate.
 26269 | D:14     | Found a huge runed gate.
 26269 | D:14     | Found a huge runed gate.
 26270 | D:14     | Found a huge runed gate.
 26271 | D:14     | Found a huge runed gate.
 26272 | D:14     | Found a huge runed gate.
 26281 | D:14     | Found a huge runed gate.
 26281 | D:14     | Found a huge runed gate.
 26281 | D:14     | Found a huge runed gate.
 26281 | D:14     | Found a huge runed gate.
 26281 | D:14     | Found a huge runed gate.
 26281 | D:14     | Found a huge runed gate.
 26282 | D:14     | Found a huge runed gate.
 26283 | D:14     | Found a huge runed gate.
 27032 | D:14     | Identified the +1 plate armour "Eraclecu" {-Cast rPois
                  | Str+8 Int-4}
 27495 | D:14     | Reached skill level 10 in Fighting
 27524 | D:14     | Reached XP level 15. HP: 92/92 MP: 8/33
 27698 | D:14     | Found a gate to the Vaults.
 28024 | D:15     | Entered Level 15 of the Dungeon
 28031 | D:15     | Reached skill level 15 in Conjurations
 28096 | D:15     | Reached skill level 1 in Shields
 28250 | D:15     | Reached skill level 2 in Shields
 28251 | D:15     | Offered knowledge of Plasma Beam by Vehumet.
 28614 | D:15     | Reached skill level 3 in Shields
 28797 | D:15     | Reached skill level 4 in Shields
 29500 | D:15     | Learned a level 6 spell: Plasma Beam
 29653 | D:15     | Found a staircase to the Depths.
 29941 | Orc:1    | Killed Jorgrun
 29942 | Orc:1    | Reached skill level 5 in Shields
 30755 | Orc:2    | Entered Level 2 of the Orcish Mines
 31265 | Orc:2    | Offered knowledge of Lee's Rapid Deconstruction by Vehumet.
 32341 | Orc:2    | Reached skill level 6 in Shields
 32341 | Orc:2    | Reached skill level 15 in Spellcasting
 32917 | Orc:2    | Found a staircase to the Elven Halls.
 33049 | Orc:2    | Found Oprierr's Assorted Antiques.
 33049 | Orc:2    | Found Hypojol's Weapon Shop.
 33124 | Orc:2    | Found Tibuam's Magic Scroll Shop.
 33127 | Orc:2    | Found Opiypneott's Book Boutique.
 33132 | Orc:2    | Bought a scroll of fear for 48 gold pieces
 33132 | Orc:2    | Bought a scroll of immolation for 48 gold pieces
 33132 | Orc:2    | Bought a scroll of poison for 48 gold pieces
 33132 | Orc:2    | Bought a scroll of poison for 48 gold pieces
 33132 | Orc:2    | Bought a scroll of teleportation for 36 gold pieces
 33134 | Orc:2    | Bought a scroll of immolation for 108 gold pieces
 33134 | Orc:2    | Bought a scroll labelled ZUAGEU OJOTS for 27 gold pieces
 33464 | Snake:1  | Entered Level 1 of the Snake Pit
 33584 | Snake:1  | Found an opulent altar of Gozag.
 33596 | Snake:1  | Reached skill level 1 in Air Magic
 34219 | Snake:1  | Reached XP level 16. HP: 97/97 MP: 5/37
 34448 | Snake:1  | Noticed Azrael
 34458 | Snake:1  | Reached skill level 7 in Shields
 34458 | Snake:1  | Killed Azrael
 34947 | Snake:2  | Noticed Frances
 35082 | Snake:2  | Found Aceeck's Weapon Emporium.
 35509 | Snake:2  | Reached skill level 5 in Air Magic
 35674 | Snake:2  | Reached skill level 8 in Shields
 35836 | Snake:2  | Noticed Vashnia
 36501 | Snake:2  | Killed Vashnia
 36660 | Snake:2  | Killed Frances
 37179 | Snake:3  | Identified the serpent talisman "Ywkate" {rC+}
 37179 | Snake:3  | Noticed Aizul
 37189 | Snake:3  | Killed Aizul
 37189 | Snake:3  | Reached ****** piety under Vehumet
 37201 | Snake:3  | Reached skill level 9 in Shields
 37509 | Snake:3  | Offered knowledge of Irradiate by Vehumet.
 37519 | Snake:3  | Learned a level 5 spell: Irradiate
 38052 | Snake:3  | Reached skill level 1 in Alchemy
 38511 | Snake:3  | Noticed Bai Suzhen
 39238 | Snake:3  | Killed Bai Suzhen
 39578 | Snake:4  | Entered Level 4 of the Snake Pit
 39704 | Snake:4  | Noticed Dega's ghost (adept SpHu)
 39704 | Snake:4  | Found a runed translucent door.
 39984 | Snake:4  | Reached XP level 17. HP: 90/102 MP: 25/38
 40295 | Snake:4  | Found a frozen archway.
 40306 | IceCv    | Entered an ice cave
 40619 | IceCv    | Reached skill level 10 in Shields
 40729 | IceCv    | Reached skill level 5 in Alchemy
 40816 | IceCv    | Offered knowledge of Bombard by Vehumet.
 40916 | IceCv    | Found an ancient bone altar of Kikubaaqudgha.
 41001 | IceCv    | Noticed a lich
 41005 | IceCv    | Killed a lich
 41427 | IceCv    | Got the Meditations on Mortuary Hypothermia
 42185 | Snake:4  | Reached skill level 10 in Air Magic
 43082 | Snake:4  | Offered knowledge of Fire Storm by Vehumet.
 43082 | Snake:4  | Offered knowledge of Shatter by Vehumet.
 43082 | Snake:4  | Offered knowledge of Ignition by Vehumet.
 44795 | Snake:4  | Got a serpentine rune of Zot
 44959 | Swamp:1  | Entered Level 1 of the Swamp
 45299 | Swamp:1  | Reached XP level 18. HP: 107/107 MP: 19/39
 45687 | Swamp:1  | Found a runed translucent door.
 45708 | Swamp:1  | Noticed Uroge's ghost (journeyman GrEE)
 47564 | Swamp:3  | Noticed Mara
 47568 | Swamp:3  | Killed Mara
 47935 | Swamp:4  | Entered Level 4 of the Swamp
 49146 | Swamp:4  | Got a decaying rune of Zot
 49228 | Swamp:4  | Identified the ring of Tumeis {Fly rElec rC+ Str+3}
 49679 | Vaults:1 | Entered Level 1 of the Vaults
 50001 | Vaults:1 | Found a flickering gateway to a bazaar.
 50054 | Bazaar   | Entered a bazaar
 50058 | Bazaar   | Found Famih's Jewellery Boutique.
 50080 | Bazaar   | Found Hesek's Weapon Emporium.
 50101 | Bazaar   | Found Par Moun's Book Boutique.
 50121 | Bazaar   | Found Kasiuzaf's Antique Weapon Shoppe.
 50147 | Bazaar   | Bought the amulet "Kula" {RegenMP rElec rF++ rN+} for 788
                  | gold pieces
 50147 | Bazaar   | Bought the ring of Xigasch {Wiz rC- Int+5 Dex+7} for 662
                  | gold pieces
 50709 | Vaults:1 | Reached XP level 19. HP: 113/113 MP: 28/40
 51232 | Vaults:1 | Reached skill level 11 in Shields
 51325 | Vaults:1 | Identified the +6 sling of Geogoabb {elec, rElec Str+2
                  | Int+3}
 52034 | Vaults:2 | Identified the +0 scale mail of Absence {Rampage rN+
                  | Regen+}
 52443 | Vaults:2 | Found Pykadix's General Store.
 52460 | Vaults:2 | Learned a level 9 spell: Fire Storm
 53408 | Vaults:3 | Found Zaomaag's Book Boutique.
 53557 | Vaults:3 | Reached XP level 20. HP: 121/121 MP: 19/42
 53644 | Vaults:3 | Reached skill level 12 in Shields
 53754 | Vaults:3 | Identified the staff of Ikoosext {rPois rC+ Hexes Ice}
 54430 | Vaults:3 | Identified the orb of the Zebra {light, rPois rF+ Str-2
                  | Necro}
 54430 | Vaults:3 | Noticed Frederick
 54439 | Vaults:3 | Killed Frederick
 54622 | Vaults:3 | Found a staircase to the Crypt.
 54622 | Vaults:3 | Found a basalt altar of Yredelemnul.
 54648 | Vaults:3 | Found an ancient bone altar of Kikubaaqudgha.
 54933 | Vaults:3 | Identified the amulet "Yxasu" {Spirit Fly Str+5}
 56150 | Vaults:4 | Reached skill level 13 in Shields
 56989 | Elf:1    | Entered Level 1 of the Elven Halls
 57190 | Elf:1    | Got the Catalogue of Bolts
 57197 | Elf:1    | Identified the +2 dagger "Killer Bee's Peril" {venom, rN+
                  | Str+4}
 57259 | Elf:1    | Reached XP level 21. HP: 127/127 MP: 27/43
 57467 | Elf:1    | Found Atan's Weapon Emporium.
 58006 | Elf:1    | Found a runed translucent gate.
 58006 | Elf:1    | Found a runed translucent gate.
 58006 | Elf:1    | Found a runed translucent gate.
 58006 | Elf:1    | Found a runed translucent gate.
 58006 | Elf:1    | Found a runed translucent gate.
 58008 | Elf:1    | Found a runed translucent gate.
 59023 | Elf:2    | Found a runed translucent gate.
 59023 | Elf:2    | Found a runed translucent gate.
 59023 | Elf:2    | Found a runed translucent gate.
 59345 | Elf:2    | Identified the amulet of Busal {Spirit +Blink rElec rPois
                  | Str+2}
 59719 | Elf:3    | Entered Level 3 of the Elven Halls
 59744 | Elf:3    | Reached skill level 14 in Shields
 61032 | Elf:3    | Gained mutation: You are clumsy. (Dex -2) [mutagenic glow]
 61206 | Elf:3    | Found the +8 longbow "Zephyr" {speed, Dex+3 SInv}
 61342 | Elf:3    | Identified the ring of the Imp {Str+6 Dex+4}
 61376 | Elf:3    | Identified the +3 ring mail of Cyvvoaj {rCorr Int-2 Slay+3}
 61388 | Elf:3    | Identified the +5 morningstar "Laicewn" {spect, rF++}
 61421 | Elf:3    | Reached XP level 22. HP: 132/132 MP: 21/44
 61492 | Elf:3    | Identified the +5 halberd of Hell's Wrath {freeze, Will+}
 61613 | Elf:3    | Identified the +11 great mace of Eternity {flame, *Rage
                  | rF+++ Will- Stlth+}
 61613 | Elf:3    | Identified the ring of Udew {rElec rF+ rCorr}
 61679 | Elf:3    | Identified the +0 pair of gloves "Zatilur" {-Cast rPois
                  | Regen+ Str-3}
 61684 | Elf:3    | Got the Teachings on Battling
 61688 | Elf:3    | Identified the staff "Neymigh" {rPois rC- MP-9 Tloc Fire
                  | Alchemy}
 62335 | Depths:1 | Entered Level 1 of the Depths
 62721 | Depths:1 | Found a gateway to Hell.
 62721 | Depths:1 | Found a one-way gate to the infinite horrors of the Abyss.
 63044 | Depths:1 | Found a one-way gateway to a ziggurat.
 63326 | Depths:2 | Found Avif's General Store.
 63371 | Depths:2 | Found Vemm's Jewellery Shop.
 63374 | Depths:2 | Bought a potion of heal wounds for 75 gold pieces
 63989 | Depths:2 | Identified the +5 helmet of Philately {Dex+3 SInv Stlth+}
 64439 | Depths:2 | Found a one-way gate leading to the halls of Pandemonium.
 64717 | Depths:3 | Noticed Louise
 64720 | Depths:3 | Killed Louise
 65117 | Depths:3 | Found the +2 cloak of the Thief {*Fog Slay-2 SInv Stlth+}
 65225 | Depths:3 | Noticed a golden dragon
 65249 | Depths:3 | Killed a golden dragon
 65251 | Depths:3 | Noticed a golden dragon
 65253 | Depths:3 | Killed a golden dragon
 65455 | Depths:3 | Reached skill level 15 in Shields
 66082 | Depths:3 | Found Big Baal Hell's Store.
 66092 | Depths:3 | Reached XP level 23. HP: 136/136 MP: 29/45
 66173 | Depths:4 | Entered Level 4 of the Depths
 66426 | Depths:4 | Found a runed translucent gate.
 66427 | Depths:4 | Found a runed translucent gate.
 66427 | Depths:4 | Found a runed translucent gate.
 66427 | Depths:4 | Noticed Sazoocig's ghost (veteran SpHu)
 66427 | Depths:4 | Noticed Elubun's ghost (adept TrGl)
 66427 | Depths:4 | Noticed an ancient lich
 66427 | Depths:4 | Noticed a dread lich
 66428 | Depths:4 | Found an ancient bone altar of Kikubaaqudgha.
 66428 | Depths:4 | Noticed Sazoocig's ghost (veteran SpHu)
 66722 | Depths:4 | Identified the +6 scale mail of the Pleiades {+Blink Int+3}
 66823 | Depths:4 | Reached skill level 16 in Shields
 66955 | Depths:4 | Found a gate to the Realm of Zot.
 68183 | Slime:1  | Entered Level 1 of the Pits of Slime
 68359 | Slime:2  | Reached skill level 17 in Shields
 68509 | Slime:3  | Reached skill level 18 in Shields
 68800 | Slime:5  | Entered Level 5 of the Pits of Slime
 68863 | Slime:5  | Noticed the Royal Jelly
 68975 | Slime:5  | Killed the Royal Jelly
 69029 | Slime:5  | Reached XP level 24. HP: 142/142 MP: 44/45
 69040 | Slime:5  | Found the +5 glaive of the Guard {elec, spectral}
 69055 | Slime:5  | Got a slimy rune of Zot
 69056 | Slime:5  | Got a starry gem with 168 turns to spare
 69106 | Slime:5  | Identified the +5 great mace "Tiatsed" {antimagic, Will+++
                  | Int-2 Dex+2}
 69107 | Slime:5  | Identified the ring "Vitaefro" {rPois rN+ Int+6 Slay+3}
 69112 | Slime:5  | Identified the ring of Ucanuc {Fly rElec Will+}
 69586 | Crypt:1  | Entered Level 1 of the Crypt
 69684 | Crypt:1  | Identified the +4 rapier "Jaddab" {freeze, Dex+4}
 69728 | Crypt:1  | Reached skill level 19 in Shields
 71597 | Crypt:3  | Entered Level 3 of the Crypt
 71716 | Crypt:2  | Learned a level 8 spell: Ignition
 71835 | Crypt:3  | Identified the +9 falchion "Gaeduec" {heavy, rF- rCorr
                  | Str+3}
 72323 | Crypt:3  | Found a shimmering altar of Xom.
 72570 | Crypt:3  | Found the +8 Vampire's Tooth {megavamp}
 72611 | Crypt:3  | Identified the +0 spear of Disorder {heavy, Dex+3}
 72649 | Crypt:3  | Reached skill level 20 in Shields
 73131 | Crypt:3  | Found a staircase to the Tomb.
 73458 | Vaults:5 | Entered Level 5 of the Vaults
 73494 | Vaults:5 | Identified the +6 shortbow of the Present {flame, rF+}
 73504 | Vaults:5 | Identified the +3 pair of boots of Polytheism {+Inv rElec}
 73664 | Vaults:5 | Identified the +5 glaive "Spiderbane" {holy, rElec rPois
                  | Will- MP+9}
 73746 | Vaults:5 | Identified the +3 great sword of Arrival {venom, *Noise rN+
                  | Will++ Int+4}
 73863 | Vaults:5 | Reached XP level 25. HP: 147/147 MP: 19/45
 74176 | Vaults:5 | Got the Octavo of the Rotting Band
 74197 | Vaults:5 | Identified the staff "Naesadwu" {^Fragile rPois Conj Hexes}
 74211 | Vaults:5 | Identified the +1 chain mail "Dimoliu" {Dex+2 Stlth+}
 74218 | Vaults:5 | Got Plog's Handbook of Baleful Conflict
 74497 | Vaults:5 | Got a silver rune of Zot
 74552 | Vaults:5 | Identified the +0 pair of gloves "Qutih" {rN+ MP-9 Dex+2}
 74677 | Vaults:5 | Identified the +1 robe "Royfoti" {Will++ SInv}
 74708 | Vaults:5 | Reached skill level 21 in Shields
 75119 | Vaults:5 | Found Xucruevy's Armour Shoppe.
 75715 | Zot:1    | Entered Level 1 of the Realm of Zot
 75812 | Zot:1    | Found a transporter.
 75935 | Zot:1    | Found a transporter.
 75937 | Zot:1    | Found a transporter.
 75938 | Zot:1    | Found a transporter.
 77337 | Zot:2    | Noticed a Killer Klown
 77342 | Zot:2    | Killed a Killer Klown
 77343 | Zot:2    | Reached skill level 22 in Shields
 77587 | Zot:2    | Noticed an orb of fire
 77600 | Zot:2    | Killed an orb of fire
 77889 | Zot:3    | Noticed Vv
 77900 | Zot:3    | Noticed Parghit
 77933 | Zot:3    | Killed Parghit
 77949 | Zot:3    | Reached XP level 26. HP: 112/152 MP: 36/45
 78118 | Zot:3    | Reached skill level 23 in Shields
 78221 | Zot:3    | Noticed a dread lich
 78223 | Zot:3    | Killed a dread lich
 78299 | Zot:3    | You fall into a shaft and drop 1 floor!
 78785 | Zot:3    | Killed Vv
 79069 | Zot:3    | Identified the +4 orcbow of Pandemonium {drain, rC+ Will+
                  | Str+5 Dex-3}
 79237 | Zot:3    | Reached skill level 24 in Shields
 80706 | Zot:5    | Entered Level 5 of the Realm of Zot
 81252 | Zot:5    | Noticed a dread lich
 81255 | Zot:5    | Killed a dread lich
 81337 | Zot:5    | Noticed a dread lich
 81340 | Zot:5    | Killed a dread lich
 81341 | Zot:5    | Reached skill level 25 in Shields
 81392 | Zot:5    | Noticed an orb of fire
 81394 | Zot:5    | Gained mutation: Your health recovers twice as slowly from
                  | being drained. [an orb of fire]
 81397 | Zot:5    | Killed an orb of fire
 81561 | Zot:5    | Noticed an ancient lich
 81564 | Zot:5    | Killed an ancient lich
 81626 | Zot:5    | Noticed an orb of fire
 81631 | Zot:5    | Killed an orb of fire
 81753 | Zot:5    | Reached XP level 27. HP: 151/157 MP: 21/45
 81790 | Zot:5    | Noticed an ancient lich
 81795 | Zot:5    | Killed an ancient lich
 81981 | Zot:5    | Noticed a dread lich
 81983 | Zot:5    | Killed a dread lich
 82108 | Zot:5    | Reached skill level 26 in Shields
 82807 | Tomb:1   | Entered Level 1 of the Tomb of the Ancients
 83244 | Tomb:1   | Noticed a royal mummy
 83246 | Tomb:1   | Killed a royal mummy
 83296 | Tomb:1   | Noticed a royal mummy
 83300 | Tomb:1   | Killed a royal mummy
 83378 | Tomb:1   | Noticed a royal mummy
 83384 | Tomb:1   | Killed a royal mummy
 84005 | Tomb:2   | Noticed a royal mummy
 84005 | Tomb:2   | Noticed a royal mummy
 84005 | Tomb:2   | Noticed a royal mummy
 84006 | Tomb:2   | Noticed a royal mummy
 84006 | Tomb:2   | Noticed a royal mummy
 84010 | Tomb:2   | Killed a royal mummy
 84010 | Tomb:2   | Killed a royal mummy
 84012 | Tomb:2   | Killed a royal mummy
 84014 | Tomb:2   | Killed a royal mummy
 84016 | Tomb:2   | Killed a royal mummy
 84053 | Tomb:2   | Identified the ring of Stoicism {Wiz rPois Int+2}
 84073 | Tomb:2   | Reached skill level 27 in Shields
 84818 | Tomb:3   | Entered Level 3 of the Tomb of the Ancients
 84898 | Tomb:3   | Noticed a royal mummy
 84899 | Tomb:3   | Noticed a royal mummy
 84903 | Tomb:3   | Killed a royal mummy
 84904 | Tomb:3   | Noticed a royal mummy
 84906 | Tomb:3   | Killed a royal mummy
 84909 | Tomb:3   | Killed a royal mummy
 84913 | Tomb:3   | Killed Khufu
 84923 | Tomb:3   | Noticed a royal mummy
 84925 | Tomb:3   | Killed a royal mummy
 84927 | Tomb:3   | Noticed a royal mummy
 84929 | Tomb:3   | Killed a royal mummy
 84929 | Tomb:3   | Killed a royal mummy
 84936 | Tomb:3   | Noticed a royal mummy
 84937 | Tomb:3   | Killed a royal mummy
 84938 | Tomb:3   | Reached skill level 15 in Fighting
 84938 | Tomb:3   | Noticed a royal mummy
 84939 | Tomb:3   | Killed a royal mummy
 85196 | Tomb:3   | Identified the ring of Woniody {rPois rCorr Str+2}
 85206 | Tomb:3   | Got Pohygh's Vellum of Power
 85210 | Tomb:3   | Identified the +11 whip of Upheaval {drain, Dex+3}
 85224 | Tomb:3   | Identified the +6 scale mail of Fallacy {Regen+}
 85225 | Tomb:3   | Identified the +11 war axe "Peky" {freeze, *Noise rN+++
                  | Will- Int+6}
 85380 | Tomb:3   | Got a golden rune of Zot
 86099 | Zot:5    | Got the Orb of Zot
 86667 | D:1      | Noticed Eseoz the pandemonium lord
 86668 | D:$      | Escaped with the Orb!

Illustrated notes

Levels and vault maps discovered:
D:1:      heliophobic_arrival_henge, layout_rooms,
          nicolae_concentric_dashed_squares_mild, minmay_misc_feat_five
D:2:      layout_loops_ring, minmay_pentomino_p4, uniq_crazy_yiuf_cottage
D:3:      layout_basic, dancing_weapons_uskayaw, basic_ecumenical_altar,
          portal_sewer_entry_c, dreamdust_princess_corridor, uniq_terence
D:4:      layout_basic, minmay_ogre_servants
D:5:      layout_loops_ring, grunt_dithmenos_smoke_and_mirrors,
          lemuel_doored_altar, minmay_temple_entry_glassed_door,
          gammafunk_ghost_necromancy
D:6:      layout_layer_cave, nicolae_houndstooth_variations
D:7:      layout_rooms, serial_shops, shop, roadster_capsule_ark_zombie,
          uniq_menkaure, uniq_prince_ribbit1
D:8:      layout_cave_pools, mainiacjoe_overflow_alcove_1,
          okawaru_ov_weapons_minmay, uniq_grum, uniq_maurice, uniq_maggie
D:9:      layout_stronghold, mainiacjoe_overflow_alcove_2, kennysheep_mini_moat,
          uniq_harold, uniq_joseph, uniq_psyche
D:10:     layout_roguey, hellmonk_lair_entry_icy, orc_david_3,
          kennysheep_doodads
D:11:     layout_loops_ring, nicolae_ru_great_annihilating_truth
D:12:     layout_long_grid
D:13:     layout_roguey, serial_shops, nicolae_shop_pleasant_corner_grove
D:14:     layout_roguey, grunt_vaults_entry_tiered, kennysheep_cluttered_room,
          door_vault
D:15:     gammafunk_enter_depths_forms, layout_basic, minivault_24
Temple:   bh_familiar_temple
Lair:1:   layout_gridlike, nicolae_quartered_pool_impasse
Lair:2:   layout_regular_city, grunt_megastairs_2
Lair:3:   layout_roguey, palyth_hydra_swamp_entry, alex1729_snake_entry_snake
Lair:4:   cheibrodos_lair_overgrown_chateau, layout_misc_corridors,
          ebering_ghost_funeral_grove, infiniplex_staircase_pool
Lair:5:   grunt_lair_end_beastmaster, layout_regular_city, slime_entry_1,
          kennysheep_rathole
Swamp:1:  layout_basic_swamp, ebering_ghost_reflecting_pool,
          nicolae_swamp_reclaimed_castle
Swamp:2:  layout_basic_swamp, evilmike_swamp_ruin_house_2
Swamp:3:  layout_falls_marsh, nicolae_swamp_small_spring, uniq_mara
Swamp:4:  swamp_alternative, layout_basic_swamp
Snake:1:  layout_gridlike, basic_altar, grunt_megastairs_1, uniq_azrael
Snake:2:  layout_basic, serial_shops, shop, uniq_vashnia, uniq_frances
Snake:3:  layout_gridlike, nicolae_snake_round_shape_thing, uniq_aizul,
          uniq_bai_suzhen
Snake:4:  johnstein_snake_rune_scales, layout_misc_corridors,
          portal_ice_cave_entry_pillars_three, ebering_ghost_inner_flame
Slime:1:  layout_caves
Slime:2:  layout_caves
Slime:3:  layout_caves, special_room [special_room_jelly]
Slime:4:  layout_caves, basic_altar
Slime:5:  slime_pit
Orc:1:    layout_caves, kennysheep_orc_chapel, uniq_jorgrun
Orc:2:    st_orc_mages, layout_caves
Elf:1:    layout_geoelf_diagonals, serial_shops, nicolae_square_shop,
          minmay_elf_annihilation, orc_legates, uniq_louise
Elf:2:    elven_hall_of_blades_hangedman_original
          [nicolae_blade_entry_diamond_columns], layout_rooms, lemuel_elevator,
          lemuel_upstairs_altar
Elf:3:    minmay_elf_hall_statues, layout_gridlike, special_room
          [special_room_mythical_zoo], nicolae_elf_w_pinch, grunt_ministairs_13,
          nicolae_elf_deep_friendship
Vaults:1: nicolae_vaults_weapon_check, v_misc_23, nicolae_vaults_cochlea,
          nicolae_vaults_swerve, nicolae_vaults_door_testing_chamber,
          dpeg_vaults_monster_row, v_misc_9, grunt_vaults_hallway_short,
          nicolae_vaults_six-pack, nicolae_vaults_little_squares_4,
          nicolae_vaults_border_crossing, vaults_room_semicircle,
          vaults_room_guarded_vault, layout_vaults_big_cross, serial_shops,
          bzr_entry_customers
Vaults:2: hangedman_vaults_river_flow, ontoclasm_vaults_loading_screen,
          vaults_dpeg_cross, nicolae_vaults_shrinking_rooms_1,
          vaults_room_corners, grunt_vaults_swirl, hangedman_vaults_trim,
          layout_vaults_chaotic_city, serial_shops, nicolae_shop_gibbet_a_chance
Vaults:3: hangedman_vaults_trim, nicolae_vaults_hallways_thing,
          nicolae_vaults_turnstiles, v_misc_18, v_alt_pattern_2,
          nicolae_vaults_more_shelving_2, grunt_vaults_funnel,
          nicolae_vaults_corpse_flower, minmay_crypt_entry_necro_gods,
          nicolae_vaults_asterisk, nicolae_vaults_trapezoid_1,
          vaults_dpeg_emergency_exit, layout_vaults_maze_bifur, serial_shops,
          nicolae_shop_hallway_plus, uniq_margery, uniq_frederick
Vaults:4: nicolae_vaults_closet_pinwheel_2, nicolae_vaults_security_offices_6,
          vaults_room_hallway, v_alt_pattern_3, grunt_vaults_bifocal,
          nicolae_vaults_spaceships, hangedman_vaults_locks, v_pattern_3,
          nicolae_vaults_storage_closets_1, layout_vaults_quadrants
Vaults:5
Crypt:1:  layout_regular_city, grunt_crypt_arrival_guarded_gate,
          grunt_megastairs_4
Crypt:2:  layout_rooms, st_stairs_9
Crypt:3:  church_of_pain_bobbens, layout_chaotic_city,
          nicolae_tomb_entry_unfolded_pyramid_orthogonal
Tomb:1
Tomb:2
Tomb:3
Depths:1: layout_twisted_cross, enter_ziggurat_a, grunt_hell_horde, abyss_entry,
          nicolae_titane, minmay_microvault
Depths:2: kennysheep_bubble_arena, layout_cave_pools, rand_demon_pan_entry_9,
          chequers_serial_rivers_room_a, hell_entry, infiniplex_staircase_river,
          minmay_shop_star
Depths:3: minmay_imperfect_grid, layout_basic, nicolae_hell_entry_big_baal_hell,
          nicolae_abyss_entry_one_way_or_another, minmay_staircase_statues
Depths:4: grunt_zot_entry_pinwheel, layout_basic, gammafunk_ghost_crypt,
          hell_entry, abyss_entry
Zot:1:    layout_concentric_octagons, nicolae_diode_intersection
Zot:2:    layout_gridlike, regret_index_zotdec_split_disrupt
Zot:3:    hangedman_zot_vaults_quadrants, layout_cathedral_of_symmetry,
          st_stairs_11, uniq_vv, uniq_parghit
Zot:4:    layout_onion, regret_index_zotdec_barnacled_simple
Zot:5:    layout_twisted_circle, regret_index_zotdec_carving_tricks

Skill      XL: |  1  2  3  4  5  6  7  8  9 10 11 12 13 14 15 16 17 18 19 20 21 22 23 24 25 26 27 |
---------------+----------------------------------------------------------------------------------+-----
Conjurations   | 2 3 4 5 7 8 10 12 14 15 18 20 21 22 24 25 | 25.0
Spellcasting   | 4 5 6 7 9 12 15 16 | 16.0
Fire Magic     | 4 5 6 8 10 11 12 14 15 16 18 20 22 24 25 | 25.0
Evocations     | 2 5 |  5.0
Fighting       | 1 4 5 7 10 11 12 15 | 15.8
Summonings     | 5 9 10 | 10.0
Dodging        | 8 10 | 10.0
Shields        | 6 9 10 11 13 14 15 18 20 22 25 27 | 27.0
Air Magic      | 2 8 10 | 10.0
Alchemy        | 3 5 |  5.0
Stealth        | |  2.4

Action                     |  1- 3 |  4- 6 |  7- 9 | 10-12 | 13-15 | 16-18 | 19-21 | 22-24 | 25-27 || total
---------------------------+-------+-------+-------+-------+-------+-------+-------+-------+-------++-------
  Melee: Staff             |     1 |       |       |       |       |       |       |       |     1 ||     2
   Cast: Foxfire           |    65 |    30 |   176 |    45 |       |       |       |       |       ||   316
         Scorch            |    13 |    29 |   118 |    10 |       |       |       |       |       ||   170
         Flame Wave        |       |       |    13 |     2 |       |       |       |       |       ||    15
         Starburst         |       |       |       |   161 |   137 |    14 |       |       |       ||   312
         Fulminant Prism   |       |       |       |     8 |     7 |       |       |       |       ||    15
         Spellforged Servi |       |       |       |     1 |    64 |    94 |    41 |       |       ||   200
         Fireball          |       |       |       |       |   145 |    32 |     2 |       |       ||   179
         Plasma Beam       |       |       |       |       |   121 |   382 |   350 |     7 |     2 ||   862
         Irradiate         |       |       |       |       |       |     6 |    15 |    16 |     6 ||    43
         Fire Storm        |       |       |       |       |       |       |   130 |   484 |   508 ||  1122
  Evoke: Wand              |       |       |       |     8 |       |       |    10 |       |    22 ||    40
         Phial of floods   |       |       |       |       |     1 |     1 |     1 |       |       ||     3
         Phantom mirror    |       |       |       |       |       |       |       |       |     2 ||     2
    Use: Scroll            |       |       |     1 |    12 |    14 |     8 |     2 |     7 |    13 ||    57
         Potion            |       |       |     1 |     2 |       |     7 |     1 |     4 |    22 ||    37
 Armour: Robe              |     6 |     8 |    27 |    22 |       |       |       |       |       ||    63
         Leather armour    |       |       |       |    49 |    46 |   124 |    45 |    50 |    78 ||   392
         Skin              |       |       |       |       |       |       |       |       |     7 ||     7
  Dodge: Dodged            |    19 |    11 |    23 |    41 |    59 |    85 |    50 |    31 |    30 ||   349
         Repelled          |       |       |     1 |     3 |     5 |     8 |     7 |     3 |       ||    27
  Block: Kite shield       |       |       |       |       |       |    49 |    61 |    41 |    51 ||   202
         Buckler           |       |       |       |       |       |     1 |       |       |       ||     1

Table legend: (Time is in decaauts)
 A = Elapsed time spent in this place.
 B = Non-inter-level travel time spent in this place.
 C = Inter-level travel time spent in this place.
 D = Time resting spent in this place.
 E = Time spent auto-exploring this place.
 F = Levels seen in this place.
 G = Mean time per level.
                   A        B        C        D        E       F      G
               +--------+--------+--------+--------+--------+-----+--------+
         Total |  87146 |  79931 |   7215 |  20286 |  44731 |  62 | 1405.6 |
       Dungeon |  21891 |  19416 |   2475 |   4718 |  11344 |  15 | 1459.4 |
        Temple |     33 |      6 |     27 |      0 |      0 |   1 |   33.0 |
          Lair |  10271 |   9549 |    722 |   3306 |   4772 |   5 | 2054.2 |
         Swamp |   4361 |   4221 |    140 |   1235 |   2346 |   4 | 1090.2 |
     Snake Pit |   9789 |   9233 |    556 |   3964 |   3781 |   4 | 2447.2 |
    Slime Pits |    996 |    908 |     88 |    306 |    233 |   5 |  199.2 |
  Orcish Mines |   3392 |   3307 |     85 |   1773 |   1179 |   2 | 1696.0 |
   Elven Halls |   4848 |   4599 |    249 |    676 |   2878 |   3 | 1616.0 |
        Vaults |  10066 |   8858 |   1208 |   1201 |   5468 |   5 | 2013.2 |
         Crypt |   3858 |   3496 |    362 |    228 |   2616 |   3 | 1286.0 |
          Tomb |   2781 |   2623 |    158 |    384 |   1595 |   3 |  927.0 |
        Depths |   5932 |   5345 |    587 |    824 |   3647 |   4 | 1483.0 |
           Zot |   6809 |   6257 |    552 |    932 |   4074 |   5 | 1361.8 |
        Bazaar |    120 |    120 |      0 |      0 |     78 |   1 |  120.0 |
         Sewer |    758 |    758 |      0 |    320 |    192 |   1 |  758.0 |
      Ice Cave |   1232 |   1232 |      0 |    418 |    525 |   1 | 1232.0 |
               +--------+--------+--------+--------+--------+-----+--------+

Top non-repeatable levels by time:
 Snake:4: 3275 daAuts
 Snake:1: 3021 daAuts
  Lair:3: 2967 daAuts
  Lair:5: 2521 daAuts
 Snake:3: 2496 daAuts
Vaults:2: 2326 daAuts
    D:14: 2257 daAuts
Vaults:3: 2126 daAuts
   Orc:1: 2113 daAuts
   Elf:3: 2075 daAuts
    D:15: 2030 daAuts
Vaults:5: 2000 daAuts
     D:9: 1943 daAuts
  Lair:4: 1919 daAuts
Vaults:4: 1831 daAuts
